 Dungeon Crawl Stone Soup version 0.30-a0-223-gcb0039aa0c (webtiles) character file.

Game seed: 128190930034322022

377 qw the Chopper (level 6, 0/38 HPs)
             Began as a Gargoyle Fighter on Oct 9, 2022.
             Slain by an ogre
             ... wielding a +0 giant spiked club
              (24 damage)
             ... on level 5 of the Dungeon.
             The game lasted 00:01:07 (2466 turns).

qw the Chopper (Gargoyle Fighter)                   Turns: 2466, Time: 00:01:08

Health: 0/38       AC: 18    Str: 18 (21) XL:     6   Next: 73%
Magic:  6/6        EV:  7    Int:  7 (9)  God:
Gold:   28         SH:  4    Dex: 13 (15) Spells: 5/5 levels left

rFire   . . .      SeeInvis .    Y - +0 war axe
rCold   + . .      Faith    .    c - +0 buckler
rNeg    + . .      Spirit   .    p - +0 chain mail
rPois   inf        Reflect  .    (no helmet)
rElec   +          Harm     .    j - +1 cloak
rCorr   .          Rampage  .    e - +2 pair of gloves
Will    .....                    (no boots)
Stlth   ..........               (no amulet)
HPRegen 0.26/turn                m - ring of protection from cold
MPRegen 0.10/turn                r - +6 ring of dexterity

@: weak-willed
A: sickness immunity, AC +4, negative energy resistance 1, electricity
resistance, torment resistance 1, petrification resistance
a: no special abilities


You were on level 5 of the Dungeon.
You visited 1 branch of the dungeon, and saw 5 of its levels.

You collected 266 gold pieces.
You spent 238 gold pieces at shops.


Innate Abilities, Weirdness & Mutations

You are immune to sickness and miasma.
Your stone body is resilient. (AC +4)
You are immune to poison.
You resist negative energy. (rN+)
You are resistant to electric shocks. (rElec)
You are resistant to unholy torment.
You are immune to petrification.


   Skills:
 - Level 4.0 Fighting
 - Level 5.9 Axes
 - Level 3.2 Armour
 + Level 0.8 Dodging
 - Level 3.2 Shields


You had 5 spell levels left.
You didn't know any spells.
Your spell library was empty.

Inventory:

Hand Weapons
 q - a +0 flail
 Y - a +0 war axe (weapon)
Missiles
 g - a boomerang (quivered)
Armour
 c - a +0 buckler (worn)
 e - a +2 pair of gloves (worn)
 j - a +1 cloak (worn)
 p - a +0 chain mail (worn)
Jewellery
 m - a ring of protection from cold (left hand)
 r - a +6 ring of dexterity (right hand)
Scrolls
 l - 6 scrolls of teleportation
 s - a scroll of identify
Potions
 a - 2 potions of curing
 d - 4 potions of might
 f - a potion of cancellation
 h - a potion of magic {unknown}
 n - a potion of brilliance {unknown}
 o - a potion of mutation {unknown}

Dungeon Overview and Level Annotations

Branches:
Dungeon (5/15)
 Temple: D:4-7

Altars:
Fedhas

Shops:
D:4 ?


Message History

Found a bronze ring.
The gnoll hits you but does no damage.
You barely miss the gnoll. The gnoll hits you but does no damage.
You slash the gnoll!
The gnoll is almost dead.
You barely miss the gnoll. The gnoll hits you with a +0 whip. x2
You barely miss the gnoll.
The gnoll is almost dead.
You completely miss the gnoll.
The gnoll hits you but does no damage. x2
You closely miss the gnoll.
The gnoll is almost dead.
You hit the gnoll. The gnoll hits you with a +0 whip.
An ogre comes into view. It is wielding a +0 giant spiked club.
The gnoll hits you but does no damage. x2; The gnoll barely misses you.
The gnoll hits you with a +0 whip.
The ogre shouts!
You slash the gnoll!
You kill the gnoll!
You hit the gnoll. The gnoll hits you but does no damage.
The gnoll barely misses you.
You slash the gnoll!
You kill the gnoll!
You closely miss the gnoll. You block the gnoll's attack.
The gnoll hits you but does no damage.
You hit the gnoll.
The gnoll is heavily wounded.
The gnoll barely misses you. x2
You slash the gnoll!
You kill the gnoll!
The gnoll barely misses you. You block the gnoll's attack.
You hit the ogre.
The ogre is lightly wounded.
The gnoll hits you from afar with a +0 halberd.
The ogre hits you with a +0 giant spiked club!!
Ouch! That really hurt!
You die...

#..<.....#
##.##.####
###.# #
##...#
#..### #.##
#.# #.# #@#
#))O#
#.g....
#.........
#...........
#...........
##..........
##...#..=..


You could see an ogre and a gnoll.

Vanquished Creatures
  A black bear (D:4)
  An iguana (D:4)
  A jelly (D:4)
  3 orc wizards
  3 gnolls (D:5)
  3 adders
  3 worms
  6 dart slugs
  9 orcs
  6 endoplasms
  2 giant cockroaches
  11 hobgoblins
  2 jackals (D:2)
  9 ball pythons
  2 bats
  A frilled lizard (D:1)
  4 goblins
  5 kobolds
  5 rats
77 creatures vanquished.

Notes
Turn   | Place    | Note
-------+----------+-------------------------------------------
     0 | D:1      | qw the Gargoyle Fighter began the quest for the Orb.
     0 | D:1      | Reached XP level 1. HP: 14/14 MP: 1/1
     0 | D:1      | 0 ||| qw: Version: 0.2-a-17-g06abaee
     0 | D:1      | 0 ||| qw: Game counter: 2090
     0 | D:1      | 0 ||| qw: Always use a shield: true
     0 | D:1      | 0 ||| qw: God list: Okawaru
     0 | D:1      | 0 ||| qw: Allow faded altars: false
     0 | D:1      | 0 ||| qw: Do Orc after D:15 true
     0 | D:1      | 0 ||| qw: Do second Lair branch before Depths: true
     0 | D:1      | 0 ||| qw: Lair rune preference: random
     0 | D:1      | 0 ||| qw: Plans: Normal, Zot:1-4, God:TSO, Crypt, Tomb,
                  | Pan, Slime:5, Hells, Abyss, Orb
     0 | D:1      | 0 ||| PLANNING D:1-11
    40 | D:1      | Reached skill level 2 in Axes
   140 | D:1      | 140 ||| Stepping ~*~*~tactically~*~*~ (hiding).
   151 | D:1      | Reached XP level 2. HP: 19/19 MP: 2/2
   215 | D:1      | Found a faded altar of an unknown god.
   373 | D:1      | Reached skill level 3 in Axes
   378 | D:1      | Reached XP level 3. HP: 23/23 MP: 3/3
   498 | D:1      | 498 ||| UPGRADING to +0 pair of gloves.
   503 | D:1      | 503 ||| UPGRADING to +0 cloak.
   508 | D:1      | 508 ||| UPGRADING to ring of protection from cold.
   509 | D:1      | 509 ||| READING scroll labelled YZAENITUNU.
   510 | D:1      | 510 ||| READING scroll labelled XYOSOW QEYL.
   511 | D:1      | 511 ||| READING 2 scrolls labelled UPUNOCH OTRAOR.
   666 | D:2      | Found a blossoming altar of Fedhas.
   673 | D:2      | 673 ||| Stepping ~*~*~tactically~*~*~ (stealth).
   759 | D:2      | 759 ||| Stepping ~*~*~tactically~*~*~ (stealth).
   832 | D:2      | Reached XP level 4. HP: 25/28 MP: 4/4
   843 | D:2      | Identified the +3 falchion of Inference {freeze, *Corrode
                  | Int+4 SInv}
   844 | D:2      | 844 ||| Stepping ~*~*~tactically~*~*~ (stealth).
   869 | D:2      | 869 ||| Stepping ~*~*~tactically~*~*~ (stealth).
   870 | D:2      | 870 ||| Stepping ~*~*~tactically~*~*~ (stealth).
  1245 | D:3      | 1245 ||| Stepping ~*~*~tactically~*~*~ (stealth).
  1269 | D:3      | 1269 ||| Stepping ~*~*~tactically~*~*~ (stealth).
  1270 | D:3      | 1270 ||| Stepping ~*~*~tactically~*~*~ (stealth).
  1271 | D:3      | 1271 ||| Stepping ~*~*~tactically~*~*~ (stealth).
  1273 | D:3      | 1273 ||| Stepping ~*~*~tactically~*~*~ (hiding).
  1276 | D:3      | Reached skill level 4 in Axes
  1600 | D:3      | 1600 ||| UPGRADING to +0 chain mail.
  1610 | D:3      | 1610 ||| DROPPING +0 scale mail.
  1611 | D:3      | 1611 ||| DRINKING 2 clear potions.
  1612 | D:3      | 1612 ||| DRINKING 2 sedimented white potions.
  1713 | D:3      | 1713 ||| DROPPING potion of ambrosia.
  1745 | D:4      | Noticed a black bear
  1747 | D:4      | 1747 ||| STAIRDANCE
  1753 | D:4      | 1753 ||| STAIRDANCE
  1765 | D:3      | Reached XP level 5. HP: 31/32 MP: 5/5
  1776 | D:4      | Killed a black bear
  1777 | D:4      | Reached skill level 5 in Axes
  1777 | D:4      | 1777 ||| STAIRDANCE
  1813 | D:4      | 1813 ||| Stepping ~*~*~tactically~*~*~ (stealth).
  1883 | D:4      | 1883 ||| Stepping ~*~*~tactically~*~*~ (stealth).
  1885 | D:4      | 1885 ||| Stepping ~*~*~tactically~*~*~ (hiding).
  1894 | D:4      | Reached XP level 6. HP: 38/38 MP: 6/6
  1914 | D:4      | 1914 ||| DROPPING +0 mace.
  2196 | D:4      | Found Qumakk's Magic Scroll Shoppe.
  2203 | D:4      | 2203 ||| BUYING scroll of enchant armour (105 gold).
  2203 | D:4      | Bought a scroll of enchant armour for 105 gold pieces
  2203 | D:4      | 2203 ||| BUYING scroll of enchant armour (105 gold).
  2203 | D:4      | Bought a scroll of enchant armour for 105 gold pieces
  2203 | D:4      | 2203 ||| SHOPLISTING scroll of enchant weapon (105 gold,
                  | have 41).
  2203 | D:4      | 2203 ||| BUYING scroll of identify (28 gold).
  2203 | D:4      | Bought a scroll of identify for 28 gold pieces
  2203 | D:4      | 2203 ||| SHOPLISTING scroll of identify (28 gold, have 13).
  2203 | D:4      | 2203 ||| SHOPLISTING scroll of teleportation (42 gold, have
                  | 13).
  2203 | D:4      | 2203 ||| READING 3 scrolls of enchant armour.
  2203 | D:4      | 2203 ||| ENCHANTING +0 pair of gloves.
  2204 | D:4      | 2204 ||| READING 2 scrolls of enchant armour.
  2204 | D:4      | 2204 ||| ENCHANTING +1 pair of gloves.
  2205 | D:4      | 2205 ||| READING scroll of enchant armour.
  2205 | D:4      | 2205 ||| ENCHANTING +0 cloak.
  2250 | D:4      | 2250 ||| Stepping ~*~*~tactically~*~*~ (hiding).
  2254 | D:4      | 2254 ||| Stepping ~*~*~tactically~*~*~ (hiding).
  2258 | D:4      | HP: 7/38 [orc priest/divine providence (15)]
  2259 | D:4      | 2259 ||| READING 4 scrolls of teleportation.
  2433 | D:4      | 2433 ||| UPGRADING to +6 ring of dexterity.
  2434 | D:4      | 2434 ||| READING scroll labelled CYTSOSORAI.
  2435 | D:4      | 2435 ||| DRINKING 3 murky white potions.
  2436 | D:4      | 2436 ||| READING 2 scrolls of identify.
  2436 | D:4      | 2436 ||| IDENTIFYING black potion
  2437 | D:4      | 2437 ||| DROPPING 2 potions of degeneration.
  2443 | D:5      | Entered Level 5 of the Dungeon
  2466 | D:5      | Slain by an ogre

Levels and vault maps discovered:
D:1:      wander_arrival_estate, layout_basic,
          ebering_ecumenical_altar_sacrificial, minmay_bisected
D:2:      layout_basic, basic_altar, grunt_decor_mini_mirrors
D:3:      layout_rooms, grunt_ministairs_9
D:4:      layout_rooms, serial_shops,
          nicolae_shop_temple_entry_statues_fountains
D:5:      layout_rooms, dreamdust_gnoll_farm, uniq_ijyb

Skill      XL: |  1  2  3  4  5  6 |
---------------+-------------------+-----
Axes           | 2 3 4 5 |  5.9
Fighting       | 4 |  4.0
Armour         | |  3.2
Dodging        | |  0.8
Shields        | |  3.2

Action                   |  1- 3 |  4- 6 || total
-------------------------+-------+-------++-------
Melee: War axe           |    83 |   109 ||   192
Throw: Boomerang         |       |    13 ||    13
  Use: Scroll            |     3 |     6 ||     9
       Potion            |       |     3 ||     3
Armor: Scale mail        |    36 |    26 ||    62
       Chain mail        |       |    71 ||    71
Dodge: Dodged            |    31 |    67 ||    98
Block: Buckler           |    15 |    17 ||    32

Table legend:
 A = Non-vault XP
 B = Vault XP
 C = Vault XP percentage of total XP
 D = Non-vault monster count
 E = Vault monster count
 F = Vault count percentage of total count
                 A         B        C        D         E       F
            +---------+---------+-------+---------+---------+-------
      Total |     527 |      12 |   2.2 |      71 |       6 |   7.8
            +---------+---------+-------+---------+---------+-------
        D:1 |      29 |       6 |  17.1 |      14 |       4 |  22.2
        D:2 |      54 |       0 |   0.0 |      21 |       0 |   0.0
        D:3 |      70 |       6 |   7.9 |      12 |       2 |  14.3
        D:4 |     331 |       0 |   0.0 |      21 |       0 |   0.0
        D:5 |      43 |       0 |   0.0 |       3 |       0 |   0.0
            +---------+---------+-------+---------+---------+-------
